[ PARTIDA AOE2 · #506176083 ]
UnrankedSicilianos vs Huns
Equipo del jugador · VICT
Equipo rival · DERR
[ ANÁLISIS DE REPETICIÓN · EXTRAÍDO DE LA PARTIDA GRABADA ]
Feudal
19:17
Castillos
27:07
Imperial
—
| APM promedio | 32.8 |
| APM pico | 80 |
| eAPM promedio | 16.8 |
| Aldeanos / militares | 83 / 21 |
Foco
⚔️ 20.8% · 🌾 79.2%
Spearman ×9 · Mangonel ×7 · Battering Ram ×4 · Serjeant ×1
Feudal
13:41
Castillos
26:23
Imperial
—
| APM promedio | 32.0 |
| APM pico | 70 |
| eAPM promedio | 14.1 |
| Aldeanos / militares | 55 / 13 |
Foco
⚔️ 17.3% · 🌾 82.7%
Cavalry Archer ×7 · Knight ×4 · Mangonel ×2
Mapa de la partida
Recursos iniciales + cada clic de construcción. Líneas = muros · curvas = relieve. ◆ oro · ⬟ piedra · ● bayas · ✦ reliquia · ◌ hueco del cierre
Tu base· Abierta — flanco sin cerrar
Base de Hank· Abierta — hueco de 6t
Terreno inicial suavizado · ◌ = hueco del cierre detectado · pasá el cursor para detalles
Inputs por minuto
— Liberty - - Hank
Build order — Liberty
Primeras 150 de 172 acciones detectadas
| 0:01 | Encolar | Villager (Male) ×4 |
| 0:03 | Construir | House |
| 0:04 | Construir | House |
| 1:25 | Encolar | Villager (Male) |
| 1:25 | Encolar | Villager (Male) |
| 1:58 | Construir | Lumber Camp |
| 2:00 | Encolar | Villager (Male) |
| 2:00 | Encolar | Villager (Male) |
| 2:21 | Encolar | Villager (Male) |
| 2:21 | Encolar | Villager (Male) |
| 2:47 | Encolar | Villager (Male) |
| 2:48 | Encolar | Villager (Male) |
| 3:22 | Encolar | Villager (Male) |
| 3:22 | Encolar | Villager (Male) |
| 4:02 | Encolar | Villager (Male) |
| 4:02 | Encolar | Villager (Male) |
| 4:02 | Encolar | Villager (Male) |
| 4:02 | Encolar | Villager (Male) |
| 4:33 | Encolar | Villager (Male) |
| 4:33 | Encolar | Villager (Male) |
| 4:55 | Encolar | Villager (Male) |
| 4:55 | Encolar | Villager (Male) |
| 5:11 | Construir | House |
| 5:17 | Construir | House |
| 5:26 | Investigar | Loom |
| 5:27 | Encolar | Villager (Male) |
| 5:27 | Encolar | Villager (Male) |
| 6:03 | Encolar | Villager (Male) |
| 6:03 | Encolar | Villager (Male) |
| 7:17 | Encolar | Villager (Male) |
| 7:17 | Encolar | Villager (Male) |
| 7:18 | Encolar | Villager (Male) |
| 7:18 | Encolar | Villager (Male) |
| 7:18 | Encolar | Villager (Male) |
| 7:18 | Encolar | Villager (Male) |
| 7:18 | Encolar | Villager (Male) |
| 7:18 | Encolar | Villager (Male) |
| 7:48 | Encolar | Villager (Male) |
| 7:48 | Encolar | Villager (Male) |
| 8:33 | Construir | Town Center |
| 9:01 | Encolar | Villager (Male) |
| 9:01 | Encolar | Villager (Male) |
| 9:01 | Encolar | Villager (Male) |
| 9:01 | Encolar | Villager (Male) |
| 9:07 | Encolar | Villager (Male) |
| 9:26 | Construir | Mill |
| 10:23 | Encolar | Villager (Male) |
| 10:24 | Encolar | Villager (Male) |
| 10:41 | Encolar | Villager (Male) |
| 10:41 | Encolar | Villager (Male) |
| 11:34 | Encolar | Villager (Male) |
| 12:03 | Construir | House |
| 12:16 | Construir | House |
| 12:26 | Encolar | Villager (Male) |
| 12:26 | Encolar | Villager (Male) |
| 12:26 | Encolar | Villager (Male) |
| 12:57 | Encolar | Villager (Male) |
| 13:07 | Construir | Lumber Camp |
| 13:11 | Encolar | Villager (Male) |
| 14:35 | Construir | Mill |
| 14:40 | Encolar | Villager (Male) |
| 15:01 | Encolar | Villager (Male) |
| 15:01 | Encolar | Villager (Male) |
| 17:03 | Encolar | Villager (Male) |
| 17:04 | Encolar | Villager (Male) |
| 17:07 | Investigar | Feudal Age |
| 17:20 | Construir | House |
| 17:58 | Encolar | Villager (Male) |
| 17:58 | Encolar | Villager (Male) |
| 17:59 | Encolar | Villager (Male) |
| 18:01 | Construir | Farm |
| 18:02 | Construir | Farm |
| 18:02 | Construir | Farm |
| 18:02 | Construir | Farm |
| 18:02 | Construir | Farm |
| 18:02 | Construir | Farm |
| 18:10 | Encolar | Villager (Male) |
| 18:15 | Construir | Farm |
| 19:06 | Construir | Farm |
| 19:06 | Construir | Farm |
| 19:06 | Construir | Farm |
| 19:07 | Construir | Farm |
| 19:07 | Construir | Farm |
| 19:07 | Construir | Farm |
| 19:07 | Construir | Farm |
| 19:08 | Construir | Farm |
| 19:17 | Edad | Edad Feudal |
| 19:23 | Investigar | Double-Bit Axe |
| 19:24 | Investigar | Horse Collar |
| 19:28 | Construir | Farm |
| 19:28 | Construir | Farm |
| 19:29 | Construir | Farm |
| 19:29 | Construir | Farm |
| 19:29 | Construir | Farm |
| 19:29 | Construir | Farm |
| 19:30 | Construir | Farm |
| 19:45 | Encolar | Villager (Male) |
| 19:48 | Encolar | Villager (Male) |
| 20:34 | Construir | Donjon |
| 20:48 | Encolar | Villager (Male) |
| 21:08 | Construir | House |
| 21:12 | Construir | House |
| 21:15 | Construir | House |
| 21:27 | Encolar | Villager (Male) |
| 21:28 | Encolar | Spearman |
| 21:48 | Construir | Blacksmith |
| 21:57 | Construir | House |
| 22:00 | Construir | House |
| 22:02 | Construir | House |
| 22:07 | Construir | Stone Wall |
| 22:15 | Construir | Mining Camp |
| 22:33 | Encolar | Villager (Male) |
| 22:34 | Encolar | Villager (Male) |
| 22:43 | Construir | Market |
| 22:55 | Construir | Farm |
| 22:57 | Encolar | Spearman |
| 23:09 | Encolar | Spearman |
| 23:15 | Investigar | Forging |
| 23:19 | Investigar | Scale Mail Armor |
| 23:44 | Construir | House |
| 24:10 | Encolar | Villager (Male) |
| 24:23 | Investigar | Castle Age |
| 24:30 | Investigar | Stone Mining |
| 24:34 | Investigar | Gold Mining |
| 25:36 | Encolar | Spearman |
| 25:36 | Encolar | Spearman |
| 25:37 | Encolar | Spearman |
| 26:25 | Encolar | Villager (Male) |
| 26:41 | Encolar | Spearman |
| 26:42 | Encolar | Spearman |
| 26:43 | Encolar | Spearman |
| 27:07 | Edad | Edad de los Castillos |
| 27:58 | Construir | Town Center |
| 28:07 | Encolar | Villager (Male) |
| 28:25 | Construir | Castle |
| 28:49 | Construir | Lumber Camp |
| 28:58 | Encolar | Serjeant |
| 29:42 | Encolar | Villager (Male) |
| 29:50 | Encolar | Villager (Male) |
| 29:59 | Construir | Siege Workshop |
| 30:08 | Investigar | Gold Shaft Mining |
| 30:12 | Encolar | Villager (Male) |
| 30:17 | Encolar | Villager (Male) |
| 30:19 | Encolar | Villager (Male) |
| 30:21 | Encolar | Villager (Male) |
| 30:21 | Encolar | Villager (Male) |
| 30:22 | Encolar | Villager (Male) |
| 30:24 | Encolar | Villager (Male) |
| 30:39 | Encolar | Mangonel |
| 31:05 | Encolar | Villager (Male) |
Build order — Hank
108 acciones detectadas en el replay
| 0:01 | Encolar | Villager (Male) |
| 0:01 | Encolar | Villager (Male) |
| 0:02 | Encolar | Villager (Male) |
| 0:21 | Encolar | Villager (Male) |
| 0:21 | Encolar | Villager (Male) |
| 1:08 | Encolar | Villager (Male) |
| 1:09 | Encolar | Villager (Male) |
| 1:48 | Construir | Lumber Camp |
| 2:08 | Encolar | Villager (Male) |
| 2:08 | Encolar | Villager (Male) |
| 2:08 | Encolar | Villager (Male) |
| 2:48 | Encolar | Villager (Male) |
| 2:48 | Encolar | Villager (Male) |
| 3:06 | Encolar | Villager (Male) |
| 3:06 | Encolar | Villager (Male) |
| 3:37 | Encolar | Villager (Male) |
| 3:37 | Encolar | Villager (Male) |
| 4:16 | Encolar | Villager (Male) |
| 4:16 | Encolar | Villager (Male) |
| 4:37 | Encolar | Villager (Male) |
| 4:38 | Encolar | Villager (Male) |
| 4:50 | Encolar | Villager (Male) |
| 5:19 | Encolar | Villager (Male) |
| 5:23 | Encolar | Villager (Male) |
| 5:38 | Construir | Mill |
| 5:57 | Investigar | Loom |
| 6:28 | Encolar | Villager (Male) |
| 6:29 | Encolar | Villager (Male) |
| 6:59 | Encolar | Villager (Male) |
| 7:42 | Encolar | Villager (Male) |
| 7:47 | Construir | Mining Camp |
| 8:15 | Encolar | Villager (Male) |
| 9:21 | Construir | Lumber Camp |
| 11:31 | Investigar | Feudal Age |
| 13:41 | Edad | Edad Feudal |
| 14:24 | Encolar | Villager (Male) |
| 14:25 | Encolar | Villager (Male) |
| 14:25 | Encolar | Villager (Male) |
| 14:45 | Encolar | Villager (Male) |
| 14:46 | Encolar | Villager (Male) |
| 16:29 | Construir | Watch Tower |
| 16:45 | Construir | Barracks |
| 17:36 | Construir | Mining Camp |
| 18:13 | Construir | Stable |
| 19:33 | Construir | Town Center |
| 20:16 | Construir | Market |
| 20:56 | Construir | Farm |
| 20:58 | Construir | Farm |
| 21:23 | Encolar | Villager (Male) |
| 21:36 | Encolar | Villager (Male) |
| 23:43 | Investigar | Castle Age |
| 23:58 | Construir | Farm |
| 24:19 | Construir | Farm |
| 24:20 | Construir | Farm |
| 24:33 | Construir | Farm |
| 25:12 | Investigar | Double-Bit Axe |
| 25:37 | Encolar | Villager (Male) |
| 25:37 | Encolar | Villager (Male) |
| 25:38 | Encolar | Villager (Male) |
| 25:49 | Construir | Farm |
| 25:53 | Construir | Farm |
| 26:00 | Construir | Archery Range |
| 26:05 | Encolar | Villager (Male) |
| 26:23 | Edad | Edad de los Castillos |
| 26:29 | Encolar | Knight |
| 26:29 | Encolar | Knight |
| 26:43 | Construir | Lumber Camp |
| 26:45 | Encolar | Villager (Male) |
| 27:19 | Encolar | Villager (Male) |
| 27:38 | Encolar | Cavalry Archer |
| 27:38 | Encolar | Cavalry Archer |
| 27:38 | Encolar | Cavalry Archer |
| 27:39 | Encolar | Cavalry Archer |
| 27:43 | Encolar | Villager (Male) |
| 27:43 | Encolar | Villager (Male) |
| 28:07 | Encolar | Villager (Male) |
| 28:08 | Encolar | Cavalry Archer |
| 28:10 | Encolar | Villager (Male) |
| 28:38 | Encolar | Knight |
| 28:38 | Encolar | Knight |
| 30:02 | Construir | Blacksmith |
| 30:19 | Construir | Town Center |
| 30:55 | Encolar | Cavalry Archer |
| 30:55 | Encolar | Cavalry Archer |
| 31:32 | Construir | Farm |
| 31:33 | Construir | Farm |
| 32:04 | Construir | Farm |
| 32:06 | Construir | Farm |
| 32:07 | Construir | Farm |
| 32:12 | Construir | Mining Camp |
| 33:00 | Encolar | Villager (Male) |
| 33:06 | Construir | Siege Workshop |
| 33:38 | Construir | Farm |
| 33:38 | Encolar | Villager (Male) |
| 33:43 | Encolar | Mangonel |
| 33:44 | Encolar | Mangonel |
| 33:50 | Encolar | Villager (Male) |
| 33:50 | Encolar | Villager (Male) |
| 34:21 | Construir | Mining Camp |
| 34:56 | Encolar | Villager (Male) |
| 34:57 | Encolar | Villager (Male) |
| 35:05 | Construir | Farm |
| 35:50 | Construir | Farm |
| 35:51 | Construir | Farm |
| 35:53 | Encolar | Villager (Male) |
| 35:54 | Encolar | Villager (Male) |
| 36:28 | Encolar | Villager (Male) |
| 36:39 | Encolar | Villager (Male) |
Cronología de la partida
| 13:41 | Hank · age_up feudal |
| 16:45 | Hank · first_building Barracks |
| 18:13 | Hank · first_building Stable |
| 19:17 | Liberty · age_up feudal |
| 20:34 | Liberty · first_building Donjon |
| 20:53 | Hank · first_market_buy 100 food |
| 22:07 | Liberty · wall_segment Stone Wall x9 |
| 22:27 | Hank · first_market_sell 100 stone |
| 24:18 | Liberty · first_market_sell 100 food |
| 26:00 | Hank · first_building Archery Range |
| 26:23 | Hank · age_up castle |
| 27:07 | Liberty · age_up castle |
| 27:37 | Liberty · first_market_buy 100 stone |
| 28:25 | Liberty · first_building Castle |
| 29:59 | Liberty · first_building Siege Workshop |
| 33:06 | Hank · first_building Siege Workshop |
| 37:04 | Hank · resign |
[ ANÁLISIS IA · 1 CRÉDITO ]
¿Qué pasó realmente en esta partida?
Wolo.gg analiza cada decisión: build order, eco, micro, errores típicos por bracket. Análisis personalizado por WhatsApp o Discord en 30 segundos.
Guía civ
Sicilianos
Perfil
Jugador #6175977